AoeStats
← ILALU

Arabian Desert

510436946Analyzed
1v1 RM · 2d ago on Oct 1, 2026· 45m 13s· 2 players
Game mode
Random Map
Map size
Tiny (2 player)
Population
200
Speed
Normal
Resources
Standard
Victory
Conquest
Starting age
Dark Age
Ending age
Imperial Age
RankedLock teamsTeams togetherTeam positionsShared explorationLock speedFull tech treeHidden civsTurbo modeCheats
Victory
Defeat
🇲🇽 Berbers · Mexico
1403
+14
🇨🇭 Bohemians · Switzerland
1367
-14
ILALU
6:35 Loom
9:07 Feudal Age
9:43 Double-Bit Axe
21:53 Castle Age
21:46 Scale Barding Armor
21:23 Horse Collar
22:59 Wheelbarrow
22:45 Bow Saw
22:37 Husbandry
24:08 Chain Barding Armor
27:42 Forging
30:51 Fletching
32:06 Pikeman
32:47 Squires
34:06 Bodkin Arrow
34:37 Scale Mail Armor
35:13 Iron Casting
38:23 Chain Mail Armor
40:43 Imperial Age
39:01 Padded Archer Armor
39:00 Elite Skirmisher
40:01 Leather Archer Armor
41:30 Bracer
40:53 Halberdier
44:58 Ballistics
davoAri
7:11 Loom
9:17 Feudal Age
10:20 Double-Bit Axe
11:56 Horse Collar
21:12 Castle Age
21:25 Forging
21:45 Scale Barding Armor
23:17 Bloodlines
23:00 Gold Mining
23:23 Bow Saw
31:35 Wheelbarrow
33:33 Hand Cart
34:08 Fletching
34:50 Chain Barding Armor
35:23 Hand Cart
36:17 Gold Shaft Mining
36:04 Bodkin Arrow
36:21 Town Watch
38:07 Husbandry
41:55 Imperial Age
39:43 Stone Mining
40:02 Kasbah
39:28 Light Cavalry
41:01 Ballistics
40:57 Thumb Ring
42:17 Stone Shaft Mining
43:20 Plate Barding Armor
44:25 Bracer
45:12 Padded Archer Armor
45:04 Hussar
Connection lost

Rejoining the realm…

Still unreachable

The connection could not be restored.

Session expired

The server has moved on; the page needs a fresh start.